 Dungeon Crawl Stone Soup version 0.30-a0-782-ge64f9170bb (webtiles) character file.

Game seed: 10813457100364643805

7427 mopl the Spear-Bearer (level 11, -4/77 HPs)
             Began as a Merfolk Ice Elementalist on Mar 9, 2023.
             Was a High Priest of Okawaru.
             Slain by a polar bear (13 damage)
             ... on level 10 of the Dungeon.
             The game lasted 00:23:28 (12301 turns).

mopl the Spear-Bearer (Merfolk Ice Elementalist)   Turns: 12301, Time: 00:23:29

Health: -4/77      AC:  4    Str: 12    XL:     11   Next: 15%
Magic:  8/20       EV: 17    Int: 12    God:    Okawaru [*****.]
Gold:   587        SH:  0    Dex: 15    Spells: 11/22 levels left

rFire   + . .      SeeInvis .    a - +9 trident of Blind Justice {freeze, rElec Will+ Int-3}
rCold   + . .      Faith    .    (no shield)
rNeg    + . .      Spirit   .    n - +2 robe {rC+ rF+}
rPois   .          Reflect  .    (no helmet)
rElec   +          Harm     .    (no cloak)
rCorr   .          Rampage  .    (no gloves)
Will    ++...                    (no boots)
Stlth   ++++                     (no amulet)
HPRegen 0.32/turn                T - ring of willpower
MPRegen 0.17/turn                Q - ring of positive energy

@: heroic
A: (nimble swimmer 2), mertail
a: Renounce Religion, Heroism, Finesse, Duel


You were on level 10 of the Dungeon.
You worshipped Okawaru.
Okawaru was extremely pleased with you.
You visited 2 branches of the dungeon, and saw 11 of its levels.

You collected 587 gold pieces.

Inventory:

Hand Weapons
 a - the +9 trident of Blind Justice (weapon) {freeze, rElec Will+ Int-3}
   (You found it on level 9 of the Dungeon)

   Int:       It affects your intelligence (-3).
   rElec:     It insulates you from electricity.
   Will:      It increases your willpower.
 b - a +2 trident of venom
 U - a +2 scimitar of flaming
Missiles
 c - 3 silver javelins
 q - 4 boomerangs
 J - 15 poisoned darts
Armour
 n - a +2 robe of resistance (worn)
 B - a scarf of harm
 E - a +0 ring mail of poison resistance
 G - +0 swamp dragon scales
 H - the +8 ring mail of Purpose {rElec Dex+4}
   (You took it off an orc priest on level 9 of the Dungeon)

   Dex:       It affects your dexterity (+4).
   rElec:     It insulates you from electricity.
 S - the +0 ring mail of Chill Winds {+Blink rN+ Regen+ Int-5}
   (You found it on level 9 of the Dungeon)

   Int:       It affects your intelligence (-5).
   rN:        It protects you from negative energy.
   +Blink:    It lets you blink.
   Regen:     It increases your rate of health regeneration.
Magical Staves
 p - a staff of poison
 N - a staff of earth
Jewellery
 f - a +6 ring of strength
 o - a +6 ring of strength
 Q - a ring of positive energy (right hand)
 R - a ring of magical power
 T - a ring of willpower (left hand)
Wands
 D - a wand of paralysis (23)
Scrolls
 d - a scroll of silence {unknown}
 e - a scroll of enchant armour {unknown}
 g - a scroll of identify
 h - 3 scrolls of vulnerability {unknown}
 l - 2 scrolls of blinking {unknown}
 s - 5 scrolls of teleportation
 t - a scroll of immolation
 v - 4 scrolls of magic mapping {unknown}
 w - a scroll of brand weapon {unknown}
 x - 2 scrolls of noise {unknown}
 y - a scroll of enchant weapon {unknown}
 C - a scroll of fog {unknown}
 L - 2 scrolls of amnesia {unknown}
 M - a scroll of torment {unknown}
Potions
 i - 2 potions of mutation {unknown}
 j - a potion of invisibility
 k - 2 potions of magic
 m - a potion of berserk rage {!q}
 r - 3 potions of degeneration {unknown}
 u - a potion of flight
 z - a potion of might
 A - a potion of resistance
 F - 2 potions of curing
 I - a potion of heal wounds
 K - 2 potions of brilliance
 O - 2 potions of haste {unknown}
 P - 2 potions of lignification {!q}


   Skills:
 + Level 4.2(9.2) Fighting
 * Level 10.1(15.1) Polearms
 + Level 5.2(10.2) Throwing
 + Level 2.8(7.8) Armour
 + Level 5.9(10.9) Dodging
 - Level 2.1(7.1) Stealth
 - Level 6.0 Spellcasting
 + Level 8.7 Ice Magic
 + Level 5.8 Invocations
 + Level 5.3 Evocations


You had 11 spell levels left.
You knew the following spells:

 Your Spells              Type           Power      Damage    Failure   Level
a - Freeze                Ice            96%        1d10      1%          1
b - Frozen Ramparts       Ice            48%        1d8       1%          3
d - Summon Ice Beast      Ice/Summ       14%        N/A       30%         4
s - Ozocubu's Armour      Ice            24%        N/A       1%          3

Your spell library contained the following spells:

 Spells                   Type           Power      Damage    Failure   Level
 Beastly Appendage        Tmut           6%         N/A       19%         1
 Magic Dart               Conj           12%        1d3       19%         1
 Searing Ray              Conj           6%         2d4       26%         2
 Wereblood                Tmut           3%         N/A       26%         2
 Dazzling Flash           Conj/Hex       6%         N/A       47%         3
 Spider Form              Tmut/Pois      3%         N/A       47%         3
 Fulminant Prism          Conj/Hex       1%         3d5       87%         4
 Iskenderun's Mystic Bla  Conj/Tloc      3%         2d3       87%         4
 Starburst                Conj/Fire      1%         6d3       100%        6


Dungeon Overview and Level Annotations

Branches:
Dungeon (10/15)            Temple (1/1) D:4             Orc (0/2) D:10
   Lair: D:8-11

Altars:
Ashenzari
Dithmenos
Elyvilon
Fedhas
Gozag
Makhleb
Nemelex Xobeh
Okawaru
Qazlal
Ru
Sif Muna
Trog
Uskayaw
Vehumet
Wu Jian
Yredelemnul
Zin
The Shining One

Shops:
D:6 *

Annotations:
D:2 1 runed translucent door, Crazy Yiuf


Innate Abilities, Weirdness & Mutations

((You are very nimble when in or above water. (Stealth+, EV+, Speed+++)))
Your lower body shifts to a powerful aquatic tail in water.


Message History

You gain the combat prowess of a mighty hero.
The polar bear bites you but does no damage.
The polar bear misses you. x2
You hit the polar bear.
The polar bear is severely wounded.
You hit the polar bear. You freeze the polar bear.
The polar bear is severely wounded.
The polar bear goes berserk!
You puncture the polar bear!
The polar bear is almost dead.
The polar bear barely misses you. x2; The polar bear claws you.
You closely miss the polar bear.
The polar bear is almost dead.
The polar bear completely misses you. The polar bear claws you.
The polar bear closely misses you.
You hit the polar bear.
The polar bear is almost dead.
You hit the polar bear.
The polar bear is almost dead.
The polar bear misses you. x2
The polar bear claws you but does no damage.
You hit the polar bear.
The polar bear is almost dead.
The polar bear bites you!
* * * LOW HITPOINT WARNING * * *
The polar bear completely misses you.
The polar bear claws you but does no damage.
You hit the polar bear.
The polar bear is almost dead.
The polar bear bites you but does no damage.
The polar bear completely misses you. The polar bear barely misses you.
Casting: Freeze (safe; 1% risk of failure)
Confirm with . or Enter, or press ? or * to list all spells.
Aiming: Freeze (safe; 1% risk of failure)
Press: ? - help, Shift-Dir - straight line, f/p - polar bear
Aim: a polar bear (almost dead, berserk)
You freeze the polar bear.
The polar bear resists.
The polar bear is almost dead.
The polar bear bites you!
You die...

#.#.#######....#
....... #.#.#
...#### #####.#
#.#.# ......
..... #.#.###
#.... ###.#
#.#.#.# #..# #.
#.#.#.#######..#
##.#
#.#.#..........#
.....
#...########.#
...## ###.# #@#
# ### #...).h..#
#.##.......# #
#.##....# . #.
..#..# ### #.
... .. ... ..
... # ... ..
_...


You could see a polar bear (berserk).

Vanquished Creatures
  Erica (D:9)
  Pikel (D:7)
  Maggie (D:5)
  A troll (D:10)
  9 yaks (D:9)
  2 water moccasins
  2 ice beasts
  3 orc warriors
  A sky beast (D:8)
  A black bear (D:5)
  5 centaurs
  A kobold brigand (D:6)
  4 bullfrogs
  4 gnoll sergeants (D:6)
  A scorpion (D:6)
  3 necrophages
  5 wights (D:8)
  15 killer bees
  2 howler monkeys
  2 jellies (D:4)
  7 orc priests
  9 hounds
  A gnoll bouda (D:6)
  Jessica (D:2)
  2 iguanas (D:4)
  16 orc wizards
  22 gnolls
  14 adders
  A shadow imp (D:6)
  3 white imps
  2 ufetubi
  4 worms
  6 dart slugs
  35 orcs
  3 bats
  6 endoplasms
  4 giant cockroaches
  2 goblins
  11 hobgoblins
  4 jackals
  3 quokkas
  7 ball pythons
  A frilled lizard (D:3)
  10 kobolds
  2 rats (D:3)
240 creatures vanquished.

Notes
Turn   | Place    | Note
-------+----------+-------------------------------------------
     0 | D:1      | mopl the Merfolk Ice Elementalist began the quest for the
                  | Orb.
     0 | D:1      | Reached XP level 1. HP: 13/13 MP: 3/3
   172 | D:1      | Reached XP level 2. HP: 17/19 MP: 3/5
   676 | D:1      | Reached skill level 1 in Polearms
   676 | D:1      | Reached XP level 3. HP: 7/24 MP: 3/6
   958 | D:2      | Found a runed translucent door.
   959 | D:2      | Noticed Crazy Yiuf
  1002 | D:2      | Reached skill level 5 in Ice Magic
  1030 | D:2      | Noticed Jessica
  1038 | D:2      | Killed Jessica
  1039 | D:2      | Reached skill level 2 in Polearms
  1039 | D:2      | Reached skill level 3 in Spellcasting
  1039 | D:2      | Reached XP level 4. HP: 29/30 MP: 0/8
  1365 | D:2      | Learned a level 3 spell: Frozen Ramparts
  1440 | D:3      | Reached XP level 5. HP: 14/35 MP: 5/9
  1541 | D:2      | Reached skill level 3 in Polearms
  1723 | D:3      | Found a glowing golden altar of the Shining One.
  2057 | D:3      | Found a faded altar of an unknown god.
  2076 | D:3      | Reached XP level 6. HP: 9/41 MP: 6/11
  2630 | D:4      | Learned a level 3 spell: Ozocubu's Armour
  2635 | D:4      | Learned a level 4 spell: Summon Ice Beast
  2680 | D:4      | Reached skill level 4 in Polearms
  2680 | D:4      | Reached skill level 6 in Ice Magic
  2702 | D:4      | Reached skill level 4 in Spellcasting
  2780 | D:4      | Found a shadowy altar of Dithmenos.
  2862 | D:4      | Found a staircase to the Ecumenical Temple.
  2898 | Temple   | Entered the Ecumenical Temple
  3020 | Temple   | Became a worshipper of Warmaster Okawaru
  3362 | D:4      | Reached skill level 1 in Invocations
  3362 | D:4      | Reached XP level 7. HP: 34/46 MP: 10/13
  3634 | D:4      | Reached skill level 1 in Throwing
  3634 | D:4      | Reached skill level 1 in Evocations
  3959 | D:5      | Entered Level 5 of the Dungeon
  4317 | D:5      | Reached skill level 5 in Polearms
  4387 | D:5      | Reached * piety under Okawaru
  4388 | D:5      | Reached skill level 2 in Invocations
  4584 | D:5      | Reached XP level 8. HP: 52/52 MP: 10/14
  4622 | D:4      | Reached skill level 2 in Evocations
  5002 | D:5      | Found a glowing silver altar of Zin.
  5011 | D:5      | Reached skill level 2 in Throwing
  5236 | D:5      | Reached skill level 7 in Ice Magic
  5323 | D:6      | Noticed Maggie
  5344 | D:5      | Reached skill level 3 in Invocations
  5475 | D:5      | Killed Maggie
  5475 | D:5      | Reached ** piety under Okawaru
  5476 | D:5      | Reached skill level 6 in Polearms
  5476 | D:5      | Reached skill level 3 in Throwing
  5476 | D:5      | Reached skill level 5 in Spellcasting
  5476 | D:5      | Reached skill level 3 in Evocations
  5904 | D:5      | Reached XP level 9. HP: 50/57 MP: 11/16
  6484 | D:6      | Reached skill level 4 in Invocations
  6567 | D:6      | Reached skill level 3 in Dodging
  6576 | D:6      | Found a stormy altar of Qazlal.
  6611 | D:6      | Reached skill level 1 in Fighting
  6778 | D:6      | Reached skill level 7 in Polearms
  6963 | D:6      | Found Cuasaf's Lightly-Used Armoury.
  7011 | D:6      | Reached skill level 1 in Armour
  7030 | D:6      | Found a basalt altar of Yredelemnul.
  7417 | D:7      | Reached *** piety under Okawaru
  7421 | D:7      | Reached skill level 2 in Fighting
  7426 | D:7      | Reached skill level 4 in Evocations
  7770 | D:7      | Reached skill level 4 in Throwing
  7770 | D:7      | Reached skill level 4 in Dodging
  7774 | D:7      | Reached skill level 8 in Polearms
  7988 | D:7      | Reached XP level 10. HP: 48/68 MP: 6/18
  7996 | D:7      | Reached skill level 8 in Ice Magic
  8362 | D:7      | Noticed Pikel
  8399 | D:7      | Killed Pikel
  8399 | D:7      | Reached **** piety under Okawaru
  8553 | D:8      | Identified the +1 robe of Imnoexua {Dex+3}
  8611 | D:8      | Found a burning altar of Makhleb.
  8667 | D:8      | Reached skill level 5 in Invocations
  8773 | D:8      | Reached skill level 2 in Armour
  8777 | D:8      | Reached skill level 3 in Fighting
  8986 | D:7      | Received a gift from Okawaru
  8987 | D:7      | Reached skill level 6 in Spellcasting
  9454 | D:8      | Found a radiant altar of Vehumet.
  9802 | D:8      | Reached skill level 9 in Polearms
  9916 | D:8      | Reached skill level 5 in Dodging
 10609 | D:9      | Identified the +9 trident of Blind Justice {freeze, rElec
                  | Will+ Int-3}
 10634 | D:9      | Reached ***** piety under Okawaru
 10635 | D:9      | Reached skill level 5 in Evocations
 10643 | D:9      | Identified the +0 ring mail of Chill Winds {+Blink rN+
                  | Regen+ Int-5}
 10693 | D:9      | Reached skill level 5 in Throwing
 10941 | D:9      | Reached skill level 4 in Fighting
 10941 | D:9      | Reached XP level 11. HP: 11/77 MP: 15/20
 11369 | D:9      | Identified the +8 ring mail of Purpose {rElec Dex+4}
 11635 | D:9      | Noticed Erica
 11650 | D:9      | Killed Erica
 11651 | D:9      | Reached skill level 10 in Polearms
 11988 | D:10     | Entered Level 10 of the Dungeon
 12179 | D:10     | Found a staircase to the Orcish Mines.
 12282 | D:10     | Found a bloodstained altar of Trog.
 12301 | D:10     | Slain by a polar bear

Illustrated notes

Levels and vault maps discovered:
D:1:      dpeg_arrival_arbitrary_c, layout_basic
D:2:      layout_rooms, st_stairs_14, hangedman_decor_slide_cut, uniq_jessica,
          uniq_crazy_yiuf_cottage
D:3:      layout_basic, nicolae_tso_carved_into_rock,
          hellmonk_ecumenical_altar_blasted, small_statue_intersection
D:4:      layout_loops_corners, nicolae_dithmenos_the_darkroom,
          minmay_temple_entry_fiery, grunt_decor_one_mirror
D:5:      layout_rooms, mainiacjoe_overflow_brackets
D:6:      layout_cave_pools, lemuel_tele_altar,
          mainiacjoe_overflow_small_starburst, serial_gnoll_camp,
          gnoll_camp_mini_hut, gnoll_camp_mini_hut, gnoll_camp_mini_loothouse,
          gnoll_camp_huts_basic, gnoll_camp_mini_hut, minmay_shop_damaged,
          uniq_maggie
D:7:      layout_basic, minmay_a_box_with_orc_wizards_in_it, uniq_pikel
D:8:      layout_layer_cave, mainiacjoe_overflow_paths, fiery_altar_vehumet
D:9:      layout_small_grid, hangedman_decor_opposing, uniq_erica
D:10:     layout_basic, kennysheep_little_box, trog_ov_bears_minmay,
          gammafunk_temple_overflow_wave, orc_0_dummy
Temple:   bh_familiar_temple

Skill      XL: |  1  2  3  4  5  6  7  8  9 10 11 |
---------------+----------------------------------+-----
Polearms       | 1 2 3 4 5 6 8 9 10 | 10.1
Ice Magic      | 5 6 7 8 |  8.7
Spellcasting   | 3 4 5 6 |  6.0
Invocations    | 1 2 3 4 5 |  5.8
Throwing       | 1 3 4 5 |  5.2
Evocations     | 1 3 4 5 |  5.3
Dodging        | 4 5 |  5.9
Fighting       | 2 4 |  4.2
Armour         | 1 2 |  2.8
Stealth        | |  2.1

Action                     |  1- 3 |  4- 6 |  7- 9 | 10-12 || total
---------------------------+-------+-------+-------+-------++-------
  Melee: Unarmed           |     4 |       |       |       ||     4
         Short sword       |     9 |    40 |    47 |       ||    96
         Trident           |       |     8 |    36 |    45 ||    89
         Punch             |       |       |     2 |     1 ||     3
         Spear             |       |       |   111 |   127 ||   238
   Cast: Freeze            |    40 |    95 |   266 |   148 ||   549
         Ozocubu's Armour  |       |       |    24 |    12 ||    36
 Invoke: Heroism           |       |       |       |     1 ||     1
  Evoke: Wand              |       |       |     2 |     1 ||     3
    Use: Scroll            |       |       |     8 |     2 ||    10
         Potion            |       |       |     1 |     2 ||     3
   Stab: Sleeping          |     1 |     2 |     8 |     1 ||    12
         Paralysed         |       |       |     2 |       ||     2
 Armour: Robe              |     8 |    24 |   123 |    66 ||   221
         Skin              |       |       |       |    24 ||    24
  Dodge: Dodged            |    39 |    66 |   262 |   170 ||   537

Table legend: (Time is in decaauts)
 A = Elapsed time spent in this place.
 B = Non-inter-level travel time spent in this place.
 C = Inter-level travel time spent in this place.
 D = Time resting spent in this place.
 E = Time spent auto-exploring this place.
 F = Levels seen in this place.
 G = Mean time per level.
                   A        B        C        D        E       F      G
               +--------+--------+--------+--------+--------+-----+--------+
         Total |  12232 |  11742 |    490 |   4340 |   5013 |  11 | 1112.0 |
       Dungeon |  12098 |  11620 |    478 |   4340 |   4896 |  10 | 1209.8 |
        Temple |    133 |    122 |     11 |      0 |    117 |   1 |  133.0 |
               +--------+--------+--------+--------+--------+-----+--------+

Top non-repeatable levels by time:
     D:5: 1751 daAuts
     D:9: 1682 daAuts
     D:4: 1647 daAuts
     D:8: 1539 daAuts
     D:7: 1351 daAuts
     D:6: 1110 daAuts
     D:3: 1041 daAuts
     D:2: 898 daAuts
     D:1: 767 daAuts
    D:10: 308 daAuts
  Temple: 133 daAuts
